Map: Orbital Shipyard

Players

scarfaceprod

  • Race: Zerg Zerg
  • League: Platinum

LilDicky - Winner!

  • Race: Terran Terran
  • League: Diamond

VOD

http://www.twitch.tv/tumescentpie

Description

Time

  • Played on: Dec. 1, 2015, 1:24 p.m.
  • Length: 13:22
Show
View Real Time Build Order
Export as new Build Order

scarfaceprod Zerg 

Build Orders: Hatch First 

Get SALT Encoding   

  12  0:01  Drone  
  13  0:12  Overlord  
  13  0:18  Drone  
  14  0:31  Drone x2  
  16  0:36  Drone  
  17  0:53  Hatchery  
  16  0:58  Drone  
  16  0:59  Drone  
  18  1:10  Extractor  
  17  1:15  Spawning Pool  
  17  1:18  Drone  
  17  1:21  Drone  
  18  1:36  Drone  
  19  1:43  Overlord  
  19  2:02  Queen  
  19  2:05  Queen  
  23  2:09  Zergling x4  
  23  2:10  Zergling x2  
  23  2:15  Metabolic Boost  
  26  2:19  Drone  
  27  2:23  Zergling x2  
  27  2:25  Zergling x2  
  28  2:37  Drone x2  
  28  2:38  Drone  
  31  2:45  Drone  
  32  2:55  Drone x2  
  34  3:00  Drone  
  34  3:05  Overlord  
  35  3:17  Drone  
  35  3:19  Overlord x2  
  36  3:23  Drone  
  36  3:24  Drone x4  
  41  3:37  Drone x3  
  44  3:44  Evolution Chamber  
  44  3:45  Drone  
  44  3:47  Evolution Chamber  
  43  3:51  Extractor  
  43  3:52  Extractor  
  39  4:03  Drone x2  
  39  4:04  Drone x5  
  46  4:14  Zerg Missile Weapons Level 1, Zerg Ground Armor Level 1  
  46  4:18  Roach Warren  
  46  4:19  Spine Crawler  
  45  4:32  Roach Warren  
  44  4:40  Drone x4  
  48  4:46  Lair  
  48  4:48  Overlord  
  48  4:49  Overlord  
  48  4:51  Drone x2  
  50  4:53  Drone  
  50  4:57  Hatchery  
  50  4:58  Drone x2  
  52  5:00  Extractor  
  51  5:22  Roach  
  51  5:23  Roach x8  
  69  5:29  Overlord x2  
  69  5:47  Roach  
  69  5:48  Roach x6  
  83  5:57  Overlord  
  83  6:02  Roach x3  
  89  6:09  Queen  
  91  6:13  Overlord  
  91  6:14  Overlord  
  91  6:19  Ravager x2  
  91  6:20  Ravager x3  
  96  6:30  Drone  
  96  6:32  Drone x8  
  105  6:34  Overlord x2  
  105  6:42  Drone x3  
  105  6:43  Drone  
  109  6:53  Overseer  
  109  7:01  Ravager  
  109  7:02  Ravager x3  
  109  7:05  Drone x5  
  109  7:06  Drone x6  
  124  7:09  Extractor  
  124  7:10  Extractor  
  122  7:21  Zerg Missile Weapons Level 2  
  122  7:26  Overlord x4  
  121  8:10  Spire  
  120  8:18  Overlord x2  
  120  8:29  Hatchery  
  120  8:31  Roach  
  120  8:32  Hydralisk Den, Roach x10  
  140  8:38  Hatchery  
  134  9:18  Queen  
  133  9:27  Corruptor x4  
  133  9:28  Corruptor x4  
  91  10:39  Infestation Pit  
  90  10:43  Drone  
  90  10:44  Drone x14  
  105  11:22  Extractor  
  105  11:23  Extractor  
  103  11:32  Hive  
  103  11:36  Hatchery  
  103  11:37  Roach x13  
  103  11:38  Roach x10  
  100  12:19  Drone x4  
  100  12:22  Drone x2  
  102  12:23  Drone  
  102  12:28  Roach  
  102  12:29  Extractor  
  104  12:41  Roach  
  104  12:42  Roach x4  
  112  12:44  Roach x2  
  94  12:52  Roach x11  
  112  13:01  Ravager x2  
Show
View Real Time Build Order
Export as new Build Order

LilDicky Terran - Winner!

Build Orders: Bio Tank, MMM Bio 

Get SALT Encoding   

  12  0:01  SCV  
  13  0:13  SCV  
  14  0:20  Supply Depot  
  14  0:25  SCV  
  15  0:32  Refinery  
  15  0:41  SCV  
  16  0:46  Barracks  
  16  0:53  SCV  
  17  1:05  SCV  
  18  1:17  SCV  
  19  1:30  SCV  
  19  1:32  Reaper  
  21  1:42  Orbital Command  
  21  1:48  Command Center  
  21  2:04  Barracks Tech Lab  
  21  2:05  Factory  
  21  2:09  Refinery  
  21  2:12  SCV  
  22  2:16  Supply Depot  
  22  2:23  Marine  
  23  2:38  SCV  
  24  2:53  SCV  
  24  2:54  Starport  
  24  2:55  Barracks Reactor  
  25  3:01  Orbital Command  
  25  3:06  SCV, Refinery  
  26  3:19  SCV, Siege Tank  
  30  3:31  Starport, Marine x2  
  30  3:32  SCV  
  33  3:38  SCV  
  34  3:44  SCV, Refinery  
  35  3:50  SCV  
  35  3:51  Command Center  
  35  3:54  Siege Tank  
  39  3:56  Marine  
  39  3:58  SCV  
  41  4:05  SCV  
  42  4:14  SCV  
  43  4:18  SCV  
  44  4:30  SCV  
  45  4:39  SCV  
  45  4:40  Liberator  
  46  4:57  SCV, Siege Tank, Marine  
  54  5:01  Barracks  
  54  5:02  Barracks  
  54  5:03  Marine  
  55  5:10  Engineering Bay  
  55  5:11  Engineering Bay  
  55  5:12  Orbital Command  
  55  5:16  Supply Depot, SCV x2  
  57  5:28  SCV  
  58  5:29  Siege Tank  
  58  5:35  Liberator x2  
  61  5:44  Orbital Command  
  61  5:49  SCV x2  
  63  5:51  Barracks Reactor, Barracks Tech Lab x2  
  69  5:58  Terran Infantry Weapons Level 1  
  69  5:59  Terran Infantry Armor Level 1  
  69  6:01  SCV  
  69  6:03  SCV  
  71  6:10  SCV  
  72  6:12  Marine  
  72  6:13  SCV  
  72  6:16  SCV  
  76  6:23  SCV  
  76  6:24  Combat Shields  
  76  6:25  SCV, Stimpack  
  76  6:28  SCV  
  76  6:31  Liberator  
  77  6:33  Command Center  
  77  6:44  Supply Depot  
  77  6:48  Supply Depot, SCV x2  
  77  6:51  Supply Depot  
  77  6:53  SCV  
  83  7:00  Armory, SCV  
  84  7:02  Missile Turret  
  84  7:05  Siege Tank  
  87  7:09  Missile Turret  
  87  7:11  Marine x3  
  87  7:12  Supply Depot, Missile Turret, Marauder  
  92  7:18  SCV x2  
  92  7:20  Barracks  
  92  7:21  Barracks  
  94  7:29  Refinery, Marine x2  
  101  7:30  Refinery, Marauder  
  101  7:33  Marine  
  101  7:35  Medivac x2  
  103  7:45  Concussive Shells  
  103  7:47  Orbital Command, Marine x2  
  103  7:51  Marauder, Marine  
  108  8:05  Marine  
  109  8:09  Marauder  
  111  8:13  Marauder  
  111  8:15  Marine x2  
  115  8:27  Marine x2  
  115  8:30  Marauder  
  119  8:37  Supply Depot, SCV x2  
  121  8:42  Sensor Tower  
  121  8:43  Marine x2  
  121  8:44  Marauder  
  121  8:47  Supply Depot  
  125  8:52  Marauder  
  121  9:05  Marauder  
  121  9:06  Marine x4  
  123  9:13  Marauder  
  125  9:24  Marine x4  
  125  9:26  Marauder  
  125  9:30  Terran Infantry Weapons Level 2, Terran Infantry Armor Level 2  
  130  9:32  SCV  
  130  9:34  Marauder  
  130  9:35  Supply Depot  
  130  9:36  Command Center  
  129  9:41  Barracks x2, Marine  
  129  9:42  Barracks, Marine x2  
  125  9:48  Marauder  
  113  9:56  Marauder  
  108  10:09  Marauder  
  108  10:10  Marine x2  
  108  10:11  Marine x2  
  98  10:17  Marauder  
  94  10:28  Marine x2  
  94  10:29  Marine x2  
  94  10:31  Siege Tank, Marauder  
  94  10:33  Medivac  
  102  10:37  Barracks Tech Lab x2  
  102  10:38  Barracks Tech Lab  
  102  10:39  Marauder  
  104  10:46  Marine x4  
  108  10:52  Marauder  
  110  10:57  Marine  
  110  10:58  Marine x2  
  110  11:00  Marauder  
  110  11:03  Siege Tank  
  110  11:04  Marine x4  
  118  11:07  Barracks x3  
  118  11:08  Barracks  
  118  11:09  SCV x4  
  126  11:13  Marauder  
  126  11:15  Marine  
  126  11:16  Marauder  
  126  11:17  Marauder  
  133  11:21  Marine, Marauder  
  133  11:22  Marine x3  
  139  11:27  Medivac x2  
  139  11:31  Starport x2  
  143  11:34  Marine, Marauder  
  143  11:37  Marine x2  
  143  11:39  Marine  
  149  11:43  Marauder  
  147  11:49  Marine x3  
  147  11:52  Marine  
  150  11:54  Marine  
  150  11:55  Marine x2  
  150  11:57  Marine  
  154  12:04  Marauder  
  146  12:10  Marauder  
  146  12:11  Marine x2  
  146  12:13  Marauder x2, Marine x2  
  146  12:15  Marine  
  130  12:22  Barracks Reactor x2  
  120  12:26  Marauder  
  120  12:29  Marine x2  
  124  12:30  Barracks Reactor, Marine  
  124  12:31  Marauder  
  124  12:32  Barracks Reactor, Marauder, Medivac x2  
  124  12:33  Marine  
  124  12:34  Marauder x2  
  138  12:37  Planetary Fortress  
  137  12:46  Marine  
  137  12:47  Marauder  
  136  12:56  Marine x2  
  138  12:58  Command Center  
Tags
 
Add a new tag
Caveats
  • Supply blocks, unpowered buildings, or Contaminate may cause inaccurate times.
  • Supply counts are checked every 10 seconds.